 Dungeon Crawl Stone Soup version 0.28-a0-563-gf77a47075d (webtiles) character file.

Game seed: 9480600731015049464

118 tilp the Conjurer (level 4, 19/19 HPs)
             Began as a Felid Hedge Wizard on Oct 1, 2021.
             Quit the game on level 3 of the Dungeon.
             The game lasted 00:07:35 (5360 turns).

tilp the Conjurer (Felid Hedge Wizard)              Turns: 5360, Time: 00:07:36

Health: 19/19      AC:  1    Str:  6    XL:     4   Next: 72%
Magic:  9/9        EV: 18    Int: 16    God:
Gold:   177        SH:  0    Dex: 16    Spells: 2/9 levels left
                                        Lives:  0   Deaths: 1

rFire   . . .      SeeInvis +     - Unarmed
rCold   . . .      Faith    .   (shield unavailable)
rNeg    . . .      Spirit   .   (armour unavailable)
rPois   .          Reflect  .   (helmet unavailable)
rElec   .          Harm     .   (cloak unavailable)
rCorr   .          Rampage  .   (gloves unavailable)
Will    .....                   (boots unavailable)
Stlth   ++........              c - amulet of regeneration
HPRegen 1.06/turn               (no ring)
MPRegen 0.11/turn               (no ring)

@: quick
A: very small, claws 1, fangs 3, see invisible, speed 1, shaggy fur 1, stealthy
paws, no weapons or thrown items, no armour, multi-lived
a: no special abilities


You were on level 3 of the Dungeon.
You visited 1 branch of the dungeon, and saw 3 of its levels.
You also visited: Sewer.

You collected 177 gold pieces.

Inventory:

Jewellery
 c - an amulet of regeneration (around neck)
 d - an amulet of guardian spirit
Scrolls
 e - 2 scrolls of amnesia
 h - a scroll of teleportation
 j - a scroll of identify
Potions
 a - a potion of cancellation {unknown}
 b - 2 potions of brilliance
 f - a potion of haste
 g - 4 potions of flight
 i - a potion of degeneration {unknown}


   Skills:
 + Level 1.1 Fighting
 + Level 3.2 Dodging
 + Level 3.4 Stealth
 + Level 2.4 Unarmed Combat
 - Level 3.0 Spellcasting
 - Level 4.0 Conjurations
 - Level 1.0 Summonings
 - Level 1.5 Translocations


You had 2 spell levels left.
You knew the following spells:

 Your Spells              Type           Power      Damage    Failure   Level
a - Magic Dart            Conj           60%        1d6       3%          1
b - Call Imp              Summ           5%         N/A       19%         2
c - Blink                 Tloc           N/A        N/A       16%         2
d - Slow                  Hex            2%         N/A       28%         2

Your spell library contained the following spells:

 Spells                   Type           Power      Damage    Failure   Level
 Static Discharge         Conj/Air       8%         N/A       12%         2
 Conjure Flame            Conj/Fire      8%         6-21      24%         3
 Mephitic Cloud           Conj/Pois/Air  6%         N/A       32%         3
 Call Canine Familiar     Summ           5%         N/A       36%         3
 Leda's Liquefaction      Hex/Erth       1%         N/A       88%         4
 Lightning Bolt           Conj/Air       4%         1d15      92%         5
 Maxwell's Capacitive Co  Air            1%         ∞         100%        8
 Portal Projectile        Hex/Tloc       Unusable   N/A       N/A         3

Dungeon Overview and Level Annotations

Branches:
Dungeon (3/15)              Sewer (visited)

Altars:


Innate Abilities, Weirdness & Mutations

You have sharp claws.
You have razor-sharp teeth.
You have supernaturally acute eyesight. (SInv)
You cover ground quickly. (Speed+)
You are covered in fur. (AC +1)
Your paws help you pounce on unaware monsters.
You are incapable of wielding weapons or throwing items.
You cannot wear armour.
You gain extra lives every three experience levels.


Message History

Aim: an orc priest, wielding a +0 dagger and wearing a +0 plate armour (lightly wounded, 100% to hit)
The magic dart hits the orc priest.
The orc priest is moderately wounded.
The orc priest hits you with a +0 dagger.
* * * LOW HITPOINT WARNING * * *
Casting: Magic Dart (safe; 3% risk of failure)
Confirm with . or Enter, or press ? or * to list all spells.
Aiming: Magic Dart (safe; 3% risk of failure)
Press: ? - help, Shift-Dir - straight line, f/p - orc priest
Aim: an orc priest, wielding a +0 dagger and wearing a +0 plate armour (moderately wounded, 100% to hit)
The magic dart hits the orc priest but does no damage.
The orc priest is moderately wounded.
The orc priest casts a cantrip, but nothing happens.
Casting: Magic Dart (safe; 3% risk of failure)
Confirm with . or Enter, or press ? or * to list all spells.
Aiming: Magic Dart (safe; 3% risk of failure)
Press: ? - help, Shift-Dir - straight line, f/p - orc priest
Aim: an orc priest, wielding a +0 dagger and wearing a +0 plate armour (moderately wounded, 100% to hit)
The magic dart hits the orc priest but does no damage.
The orc priest is moderately wounded.
The orc priest hits you with a +0 dagger.
* * * LOW HITPOINT WARNING * * *
Casting: Magic Dart (safe; 3% risk of failure)
Confirm with . or Enter, or press ? or * to list all spells.
Aiming: Magic Dart (safe; 3% risk of failure)
Press: ? - help, Shift-Dir - straight line, f/p - orc priest
Aim: an orc priest, wielding a +0 dagger and wearing a +0 plate armour (moderately wounded, 100% to hit)
The magic dart hits the orc priest but does no damage.
The orc priest is moderately wounded.
The orc priest calls down the wrath of Beogh upon you.
Beogh smites you!
Ouch! That really hurt!
You die...
You are now level 4!
You rejoin the land of the living...
Unknown command.
Unknown command.
Unknown command.
Unknown command.
Are you sure you want to abandon this character and quit the game? (Confirm with "yes".)

....# ##.## ....# #.†#
....# ##.## ....# #####..##
....## #.......# .....#
#.......# .....# #.......#
#.# .....# #.......## #.#
.....# #@.......# #.#
.....###########........##
#.#
.....##...)...#########..#
#.#
.######............#####'##
#.# .#
#....†.......##.....# #.###
.#
#............##.....###.#..
.#
#...<........##.....##..†..
.#
#.......##'####.....##..#o.
.# ##########.#
#####..#..#..


There were no monsters in sight!

Vanquished Creatures
  Jessica (D:2)
  A merfolk siren (Sewer)
  An orc wizard (D:3)
  A merfolk avatar (Sewer)
  3 adders
  2 river rats (Sewer)
  2 dart slugs (D:1)
  2 orcs (D:3)
  3 bats
  2 endoplasms
  15 giant cockroaches
  5 hobgoblins
  2 jackals (D:1)
  A kobold (D:2)
  3 quokkas
  12 ball pythons
  10 frilled lizards
  3 goblins
  20 rats
89 creatures vanquished.

Notes
Turn   | Place    | Note
-------+----------+-------------------------------------------
     0 | D:1      | tilp the Felid Hedge Wizard began the quest for the Orb.
     0 | D:1      | Reached XP level 1. HP: 7/7 MP: 5/5
    24 | D:1      | Reached skill level 1 in Conjurations
   391 | D:1      | Reached skill level 2 in Conjurations
   391 | D:1      | Reached XP level 2. HP: 11/11 MP: 0/7
   394 | D:1      | Learned a level 2 spell: Call Imp
   397 | D:1      | Learned a level 2 spell: Blink
   400 | D:1      | Learned a level 2 spell: Slow
  1660 | D:1      | Found a faded altar of an unknown god.
  1985 | D:2      | Reached XP level 3. HP: 14/14 MP: 6/8
  2298 | D:2      | Reached skill level 3 in Conjurations
  2437 | D:2      | Noticed Jessica
  2443 | D:2      | Killed Jessica
  2444 | D:2      | Reached XP level 4. HP: 18/18 MP: 3/9
  3049 | D:3      | Found a glowing drain.
  3104 | D:3      | Reached skill level 4 in Conjurations
  3177 | Sewer    | Entered a sewer
  3297 | Sewer    | Reached skill level 1 in Unarmed Combat
  3625 | Sewer    | Reached XP level 5. HP: 21/21 MP: 0/10
  4982 | D:3      | Reached skill level 1 in Fighting
  5359 | D:3      | Killed from afar by an orc priest
  5360 | D:3      | Reached XP level 4. HP: -7/19 MP: 2/9
  5360 | D:3      | Quit the game

Illustrated notes

Levels and vault maps discovered:
D:1:      dpeg_arrival_chambers_temple_mockup, layout_basic,
          ebering_ecumenical_altar_abandoned
D:2:      minmay_roachtagon, layout_basic, corexii_shack, serial_bayou_pond_e,
          uniq_jessica
D:3:      layout_basic, gup_sewer_entry_glass

Skill      XL: |  1  2  3  4  5 |
---------------+----------------+-----
Conjurations   | 2 3 4 |  4.0
Unarmed Combat | 2 |  2.4
Stealth        | 3 |  3.4
Dodging        | 3 |  3.2
Fighting       | 1 |  1.1
Spellcasting   | |  3.0
Summonings     | |  1.0
Translocations | |  1.5

Action                   |  1- 3 |  4- 6 || total
-------------------------+-------+-------++-------
Melee: Unarmed           |    36 |    53 ||    89
       Bite              |     7 |     5 ||    12
 Cast: Magic Dart        |    88 |   127 ||   215
       Call Imp          |       |     2 ||     2
  Use: Scroll            |     3 |     3 ||     6
 Stab: Sleeping          |     1 |     3 ||     4
Armor: Skin              |     2 |     1 ||     3
Dodge: Dodged            |    44 |    55 ||    99

Table legend: (Time is in decaauts)
 A = Elapsed time spent in this place.
 B = Non-inter-level travel time spent in this place.
 C = Inter-level travel time spent in this place.
 D = Time resting spent in this place.
 E = Time spent auto-exploring this place.
 F = Levels seen in this place.
 G = Mean time per level.
                   A        B        C        D        E       F      G
               +--------+--------+--------+--------+--------+-----+--------+
         Total |   5068 |   5017 |     51 |   2186 |   2183 |   4 | 1267.0 |
       Dungeon |   3700 |   3649 |     51 |   1386 |   1837 |   3 | 1233.3 |
         Sewer |   1367 |   1367 |      0 |    800 |    345 |   1 | 1367.0 |
               +--------+--------+--------+--------+--------+-----+--------+

Top non-repeatable levels by time:
     D:1: 1862 daAuts
   Sewer: 1367 daAuts
     D:2: 956 daAuts
     D:3: 882 daAuts
